Map: Port Aleksander LE

Players

Rail - Winner!

  • Race: Protoss Protoss
  • League: Grandmaster
  • Spawn Location: 11:00

Reynor

  • Race: Zerg Zerg
  • League: Master
  • Spawn Location: 5:00

Event: 2019 WCS Winter Europe

VOD

Have the link to the VOD?

Description

Time

  • Played on: March 24, 2019, 10:12 a.m.
  • Length: 9:01

All games in this series

Show
View Real Time Build Order
Export as new Build Order

Rail Protoss - Winner!

Build Orders: 1 Gate Expand, Archon Immortal, Archon Drop, Dark Templar Rush 

Get SALT Encoding   

  12  0:00  Probe  
  13  0:13  Probe  
  14  0:19  Pylon  
  14  0:24  Probe  
  15  0:33  Probe  
  15  0:40  Gateway  
  15  0:41  Probe  
  16  0:48  Assimilator  
  17  0:52  Probe  
  18  1:04  Probe  
  19  1:16  Probe  
  20  1:27  Nexus  
  20  1:35  Cybernetics Core  
  20  1:38  Probe  
  21  1:44  Assimilator  
  21  1:50  Probe  
  22  1:54  Pylon  
  22  2:02  Probe  
  23  2:11  Probe  
  23  2:12  Stalker  
  26  2:19  Probe  
  26  2:27  Warp Gate  
  26  2:28  Probe  
  27  2:33  Twilight Council  
  27  2:36  Probe  
  28  2:41  Probe  
  30  2:45  Probe  
  30  2:47  Robotics Facility  
  30  2:49  Probe  
  31  2:55  Probe  
  31  2:57  Charge  
  33  2:58  Probe  
  36  3:07  Probe  
  36  3:10  Probe  
  36  3:19  Probe  
  37  3:22  Probe  
  37  3:24  Gateway  
  37  3:25  Gateway  
  37  3:26  Warp Prism  
  38  3:29  Gateway  
  38  3:39  Probe  
  42  3:41  Probe  
  42  3:45  Pylon  
  42  3:52  Probe, Dark Shrine  
  43  3:58  Pylon  
  43  3:59  Probe  
  44  4:04  Warp Prism  
  47  4:12  Assimilator  
  47  4:16  Assimilator  
  46  4:17  Zealot  
  46  4:18  Zealot  
  46  4:21  Zealot  
  52  4:25  Zealot  
  52  4:27  Probe x2  
  52  4:29  Pylon  
  56  4:40  Pylon  
  56  4:47  Zealot x3  
  56  4:48  Zealot  
  56  4:51  Probe  
  65  4:53  Probe  
  64  5:07  Probe  
  65  5:14  Dark Templar x4  
  73  5:26  Nexus  
  73  5:28  Pylon  
  73  5:40  Immortal  
  73  5:48  Robotics Facility  
  77  5:54  Dark Templar, Archon  
  77  5:57  Sentry x2  
  77  5:58  Pylon  
  77  6:01  Archon  
  81  6:10  Probe x2  
  83  6:15  Pylon  
  83  6:17  Observer  
  83  6:22  Probe  
  85  6:26  Immortal  
  85  6:28  Probe  
  86  6:34  Probe  
  86  6:35  Immortal  
  86  6:39  Probe  
  96  6:40  Probe  
  96  6:46  Pylon, Gateway x2  
  97  6:48  Gateway  
  97  6:52  Gateway  
  97  6:53  Immortal, Sentry  
  99  6:57  Zealot  
  99  6:58  Zealot  
  102  7:01  Immortal  
  102  7:05  Probe  
  111  7:15  Pylon  
  111  7:23  Pylon  
  111  7:37  Zealot x2, Dark Templar x2  
  111  7:40  Zealot x2  
  111  7:41  Archon  
  123  7:45  Zealot, Pylon  
  123  7:46  Zealot  
  127  7:54  Pylon  
  127  8:00  Zealot x3  
  127  8:01  Zealot  
  133  8:11  Zealot x2  
  133  8:12  Zealot x2  
  101  8:23  Zealot x3  
  101  8:24  Zealot  
  101  8:32  Zealot  
  101  8:33  Zealot x3  
Show
View Real Time Build Order
Export as new Build Order

Reynor Zerg 

Build Orders: Hatch First 

Get SALT Encoding   

  12  0:00  Drone  
  13  0:12  Overlord  
  13  0:17  Drone  
  14  0:30  Drone  
  14  0:31  Drone  
  16  0:49  Hatchery  
  15  0:52  Drone  
  15  0:56  Drone  
  17  1:00  Drone  
  18  1:10  Extractor  
  17  1:16  Spawning Pool  
  17  1:18  Drone  
  17  1:23  Drone  
  18  1:28  Drone  
  19  1:39  Drone  
  20  1:49  Drone  
  21  2:02  Zergling x2  
  21  2:03  Queen x2, Zergling x2  
  27  2:11  Overlord  
  27  2:12  Drone  
  28  2:16  Metabolic Boost  
  28  2:29  Drone x2  
  30  2:40  Hatchery  
  30  2:41  Drone  
  30  2:44  Drone  
  31  2:48  Drone x2  
  33  2:54  Overlord  
  33  2:56  Drone  
  34  3:05  Queen  
  34  3:10  Drone  
  34  3:12  Overlord  
  36  3:16  Drone x2  
  36  3:17  Drone x2  
  39  3:24  Zergling x2  
  40  3:28  Zergling x4  
  40  3:32  Queen  
  44  3:38  Zergling x2  
  44  3:39  Zergling x2  
  46  3:42  Roach Warren  
  46  3:46  Drone x3  
  48  3:50  Zergling x2  
  48  3:53  Overlord, Drone  
  50  4:02  Zergling x4  
  52  4:04  Drone  
  52  4:06  Extractor  
  52  4:11  Overlord  
  52  4:17  Spore Crawler  
  52  4:19  Spore Crawler  
  52  4:24  Roach x5  
  60  4:26  Drone x2  
  62  4:31  Roach  
  62  4:33  Drone x3  
  67  4:40  Roach x2  
  67  4:42  Spine Crawler  
  67  4:44  Evolution Chamber  
  69  4:49  Roach  
  69  4:51  Zergling x6  
  73  4:55  Overlord  
  72  5:00  Roach  
  72  5:03  Overlord  
  75  5:07  Spore Crawler  
  75  5:09  Overlord  
  75  5:12  Lair  
  74  5:15  Roach  
  76  5:23  Zergling x4  
  76  5:26  Drone x4  
  78  5:31  Drone x2  
  68  5:41  Drone x4  
  72  5:44  Drone  
  72  5:47  Drone  
  74  5:50  Drone  
  74  5:52  Drone  
  74  5:53  Drone  
  74  5:56  Drone  
  78  6:00  Drone x2  
  80  6:04  Evolution Chamber  
  80  6:07  Drone  
  80  6:12  Glial Reconstitution  
  80  6:13  Roach  
  80  6:14  Roach  
  80  6:15  Extractor  
  85  6:21  Overlord  
  85  6:26  Overlord  
  85  6:31  Roach x3  
  89  6:35  Overlord  
  87  6:40  Roach x3  
  87  6:41  Roach x2  
  87  6:43  Overlord  
  87  6:44  Overlord x2, Extractor  
  87  6:46  Roach  
  98  6:49  Roach  
  98  6:51  Spore Crawler, Overlord  
  99  6:57  Roach x2  
  99  6:58  Roach  
  105  7:02  Roach  
  105  7:03  Roach  
  108  7:09  Roach x2  
  108  7:10  Zergling x4  
  108  7:15  Roach x2, Zergling x2  
  123  7:23  Roach x3  
  123  7:27  Roach x2  
  129  7:30  Overlord  
  128  7:40  Roach x4  
  136  7:44  Overlord  
  136  7:47  Roach  
  136  7:50  Roach  
  140  7:53  Roach x2  
  140  7:55  Roach  
  139  8:07  Roach x5  
  139  8:11  Roach  
  125  8:13  Zergling x4  
  125  8:16  Roach  
  105  8:21  Roach  
  105  8:22  Roach x2  
  95  8:27  Ravager x2  
  95  8:28  Zergling x6  
  95  8:29  Zergling x2  
  95  8:31  Roach  
  95  8:33  Ravager  
  95  8:34  Zergling x4  
  95  8:38  Roach  
Tags
 
Add a new tag
Caveats
  • Supply blocks, unpowered buildings, or Contaminate may cause inaccurate times.
  • Supply counts are checked every 10 seconds.